 Dungeon Crawl Stone Soup version 0.30-a0-1016-gfb0d676c02 (webtiles) character file.

Game seed: 768436970487871515

7 gelatine the Grave Robber (level 1, -1/13 HPs)
             Began as a Demonspawn Necromancer on Apr 6, 2023.
             Slain by a hobgoblin (3 damage)
             ... on level 1 of the Dungeon.
             The game lasted 00:01:32 (210 turns).

gelatine the Grave Robber (Demonspawn Necromancer)   Turns: 210, Time: 00:01:32

Health: -1/13      AC:  2    Str:  8    XL:     1   Next: 83%
Magic:  0/3        EV: 12    Int: 16    God:
Gold:   38         SH:  0    Dex: 13    Spells: 3/4 levels left

rFire   . . .      SeeInvis .    e - +0 dagger
rCold   . . .      Faith    .    (no shield)
rNeg    . . .      Spirit   .    a - +0 robe
rPois   .          Reflect  .    (no helmet)
rElec   .          Rampage  .    (no cloak)
rCorr   .                        (no gloves)
Will    .....                    (no boots)
Stlth   ++                       (no amulet)
HPRegen 0.22/turn                (no ring)
MPRegen 0.08/turn                (no ring)

@: no status effects
A: no striking features
a: no special abilities


You were on level 1 of the Dungeon.
You visited 1 branch of the dungeon, and saw 1 of its levels.

You collected 38 gold pieces.

Inventory:

Hand Weapons
 e - a +0 dagger (weapon)
Missiles
 c - 2 poisoned darts
Armour
 a - a +0 robe (worn)
 d - a +0 leather armour
Potions
 b - a potion of magic
 f - a potion of attraction {unknown}


   Skills:
 + Level 1.7 Dodging
 + Level 1.7 Stealth
 + Level 2.0 Spellcasting
 + Level 4.7 Necromancy


You had 3 spell levels left.
You knew the following spells:

 Your Spells              Type           Power      Damage    Failure   Level
a - Necrotise             Necr           64%        1d7       3%          1

Your spell library contained the following spells:

 Spells                   Type           Power      Damage    Failure   Level
 Vampiric Draining        Necr           16%        2d7       9%          3
 Animate Dead             Necr           16%        N/A       28%         4
 Agony                    Necr           16%        N/A       63%         5


Dungeon Overview and Level Annotations

Branches:
Dungeon (1/15)

Altars:


Message History

Your jackal skeleton closely misses the jackal.
You barely miss the jackal.
The jackal is severely wounded.
The jackal misses you. The jackal bites your jackal skeleton.
Your jackal skeleton misses the jackal.
The jackal barely misses you.
The jackal writhes in agony.
The jackal closely misses your jackal skeleton.
Your jackal skeleton bites the jackal but does no damage.
The hobgoblin hits your jackal skeleton.
Your jackal skeleton is destroyed!
The jackal bites you.
You hit the jackal.
The jackal is almost dead.
The jackal closely misses you.
You barely miss the jackal.
The jackal is almost dead.
The jackal closely misses you.
The jackal bites you but does no damage.
The jackal barely misses you. x2
You hit the jackal but do no damage.
The jackal is almost dead.
The jackal bites you. The jackal closely misses you.
The hobgoblin closely misses you.
You hit the jackal.
You kill the jackal!
The jackal misses you. The hobgoblin closely misses you.
You hit the hobgoblin but do no damage.
The jackal bites you but does no damage.
The hobgoblin hits you.
The jackal bites you but does no damage.
You closely miss the hobgoblin. The jackal bites you. The hobgoblin hits you.
You hit the hobgoblin.
The hobgoblin is moderately wounded.
The jackal bites you. The hobgoblin barely misses you. The jackal misses you.
You hit the hobgoblin but do no damage.
The hobgoblin is moderately wounded.
The jackal bites you.
* * * LOW HITPOINT WARNING * * *
The hobgoblin hits you.
You die...

#...#( .#...# #.# ##.....
...#... #.# ##...#..
.#....# ...
#.......#...#.....#...#..
#.#.#.#....$..#.#........
#........#.#.......#.#.#.
#..#...#.....#...#.....#.
#....#..hg#....#....#.##.
#..#...#@....#...#.....#.
#........#.#.......#.#.#.
#...#.#.......#.#........
##..)...#...#.....#...#..
##.#.#....#....#....#....
#.......#...#.....#...#.#
#.#.#.#.......#.#.......#
##........#.#.......#.#.##
#...#...#.....#...#.....#


You could see a jackal and a hobgoblin.

Vanquished Creatures
  An endoplasm (D:1)
  2 jackals (D:1)
  A ball python (D:1)
  A goblin (D:1)
  A kobold (D:1)
  A rat (D:1)
7 creatures vanquished.

Notes
Turn   | Place    | Note
-------+----------+-------------------------------------------
     0 | D:1      | gelatine the Demonspawn Necromancer began the quest for the
                  | Orb.
     0 | D:1      | Reached XP level 1. HP: 13/13 MP: 3/3
   210 | D:1      | Slain by a hobgoblin

Illustrated notes

Levels and vault maps discovered:
D:1:      psy_arrival_spokes, layout_basic, serial_rivers,
          chequers_serial_rivers_large_a, chequers_serial_rivers_marsh,
          chequers_serial_rivers_small_3, chequers_serial_rivers_room_b,
          chequers_serial_rivers_small_a, nicolae_kite_square_tiling_tiny

Action                     || total
---------------------------++-------
  Melee: Dagger            ||    16
         Unarmed           ||     2
   Cast: Necrotise         ||    11
 Armour: Robe              ||     8
  Dodge: Dodged            ||    21

Table legend: (Time is in decaauts)
 A = Elapsed time spent in this place.
 B = Non-inter-level travel time spent in this place.
 C = Inter-level travel time spent in this place.
 D = Time resting spent in this place.
 E = Time spent auto-exploring this place.
 F = Levels seen in this place.
 G = Mean time per level.
                   A        B        C        D        E       F      G
               +--------+--------+--------+--------+--------+-----+--------+
         Total |    212 |    212 |      0 |      0 |    141 |   1 |  212.0 |
       Dungeon |    212 |    212 |      0 |      0 |    141 |   1 |  212.0 |
               +--------+--------+--------+--------+--------+-----+--------+

Top non-repeatable levels by time:
     D:1: 212 daAuts
